 Dungeon Crawl Stone Soup version 0.31-a0-1529-g7bd419a0e5 (console) character file.

Game seed: 12808995606308011499

4889 rossyrg the Grappler (level 10, -3/83 HPs)
             Began as a Troll Shapeshifter on Dec 27, 2023.
             Was a Priest of Wu Jian.
             Slain by a thrashing horror (illusionary) (9 damage)
             ... on level 1 of the Abyss on Dec 31, 2023.
             The game lasted 00:26:26 (5705 turns).

rossyrg the Grappler (Troll Shapeshifter)           Turns: 5705, Time: 00:26:27

Health: -3/83      AC:  5    Str: 34    XL:     10   Next: 26%
Magic:  9/9        EV:  9    Int:  6    God:    Wu Jian [***...]
Gold:   461        SH:  8    Dex:  9    Spells: 9/9 levels left

rFire   . .          .
                       - Unarmed
rCold   . . .        z - +0 kite shield
rNeg    . . .        a - +1 animal skin
rPois   .            (helmet currently unavailable)
rElec   .            (cloak currently unavailable)
rCorr   .            (gloves unavailable)
SInv    .            (boots unavailable)
Will    .....        (no amulet)
Stlth   +            s - +6 ring of strength
HPRegen 1.13/turn    C - +4 ring of slaying
MPRegen 0.11/turn

%: no passive effects
@: beast-form, glowing
A: beast (slay +4), large, unfitting armour, claws 3, regeneration 1, shaggy fur
1, tough skin 1
a: Begin Untransformation, Renounce Religion, Wall Jump, Serpent's Lash


You were on level 1 of the Abyss.
You worshipped Wu Jian.
Wu Jian was most pleased with you.
You were a hulking beast.
You visited 2 branches of the dungeon, and saw 10 of its levels.
You visited the Abyss 1 time.

You collected 461 gold pieces.

Inventory:

Missiles
 j - 75 stones (quivered)
 u - 3 boomerangs
 D - 9 poisoned darts
Armour
 a - a +1 animal skin (worn)
 g - +0 fire dragon scales
 t - a +0 cloak
 w - an orb of mayhem
 z - a +0 kite shield (worn)
 B - the +0 helmet "Tiukk" {rPois}
   (You found it on level 8 of the Dungeon)

   rPois:     It protects you from poison
 G - +0 acid dragon scales
Jewellery
 s - a +6 ring of strength (left claw)
 y - a ring of willpower
 C - a +4 ring of slaying (right claw)
Talismans
 c - a beast talisman
 d - a flux talisman
 F - a maw talisman
Wands
 f - a wand of polymorph (9)
 m - a wand of flame (45)
 p - a wand of acid (2)
Scrolls
 i - a scroll of enchant weapon
 v - a scroll of silence
 x - a scroll of revelation
 A - a scroll of fog
 E - a scroll of identify
Potions
 b - a potion of lignification
 e - 2 potions of invisibility
 h - 2 potions of resistance
 k - 3 potions of enlightenment
 n - 2 potions of heal wounds
 o - a potion of magic
 q - a potion of might
 r - 4 potions of curing


   Skills:
 - Level 0.7 Fighting
 + Level 2.4 Dodging
 + Level 5.5 Shields
 + Level 10.2 Unarmed Combat
 + Level 9.4 Shapeshifting


You had 9 spell levels left.
You didn't know any spells.
Your spell library contained the following spells:

 Spells                   Type           Power      Damage    Failure   Level
 Slow                     Hex            0%         N/A       63%         1
 Ensorcelled Hibernation  Hex/Ice        0%         N/A       77%         2
 Confusing Touch          Hex            0%         N/A       94%         3
 Passwall                 Erth           0%         N/A       94%         3
 Sigil of Binding         Hex            0%         N/A       94%         3
 Swiftness                Air            0%         N/A       94%         3
 Vampiric Draining        Necr           0%         2d6       94%         3
 Animate Dead             Necr           0%         N/A       100%        4
 Haunt                    Necr/Summ      0%         N/A       100%        7
 Infestation              Necr           0%         N/A       100%        8


Dungeon Overview and Level Annotations

Branches:
Dungeon (9/15)             Temple (1/1) D:4
   Lair: D:8-11         Orc: D:9-12

Altars:
Ashenzari
Cheibriados
Dithmenos
Elyvilon
Fedhas
Gozag
Hepliaklqana
Kikubaaqudgha
Makhleb
Nemelex Xobeh
Okawaru
Qazlal
Sif Muna
Trog
Wu Jian
Xom
Yredelemnul
Zin
The Shining One

Annotations:
D:9 Psyche


Innate Abilities, Weirdness & Mutations

You are a hulking beast.
Your limbs bulge with bestial killing power. (Slay +4)
You are too large for most types of armour.
You have claws for hands.
Your natural rate of healing is unusually fast.
You are covered in fur. (AC +1)
You have tough skin. (AC +1)


Message History

The thrashing horror tramples you but does no damage. x2
You block the thrashing horror's attack.
The rakshasa weaves an illusion.
The thrashing horror shimmers and seems to become two!
You lunge at the small abomination.
You claw the small abomination!
The small abomination is moderately damaged.
The thrashing horror tramples you!
You hold your ground!
The thrashing horror tramples you.
You hold your ground!
The small abomination hits you!
You spin and attack the small abomination repeatedly.
You mangle the small abomination!!
You destroy the small abomination!
The Council accepts your kill.
The thrashing horror attacks as it pursues you!
The thrashing horror tramples you.
You hold your ground!
The thrashing horror tramples you!
You hold your ground!
The thrashing horror barely misses you.
The thrashing horror tramples you but does no damage.
You block the thrashing horror's attack.
The thrashing horror tramples you.
You hold your ground!
The rakshasa blinks!
The thrashing horror attacks as it pursues you!
The thrashing horror tramples you!
You stumble backwards!
The thrashing horror barely misses you.
You block the thrashing horror's attack.
A hell hound comes into view. x2
The thrashing horror barely misses you. x2
A hell hound comes into view.
The hell hound moves out of view. x2
The hell hound barks!
The daeva calls down the wrath of the Shining One upon you.
The Shining One smites you!
* * * LOW HITPOINT WARNING * * *
The thrashing horror closely misses you.
You block the thrashing horror's attack.
The rakshasa weaves an illusion.
The thrashing horror shimmers and seems to become two!
The thrashing horror attacks as it pursues you!
The thrashing horror tramples you!
* * * LOW HITPOINT WARNING * * *
You hold your ground!
You block the thrashing horror's attack.
The thrashing horror tramples you!
You die...

#.# ... . ..#
..#.## ..##
#.#... . ...#.
..#.# #.#
...##...# #
..##......#
###..A##..#
#........h## #
.
#..##.##.##X##
#.# #
##.##XX...#
#.###....#hh#
#.##..##.# #
.....##.. #
#.#..#....#
#ยง...R.##.###
#.##.#.#....#
#. ....##.##..
.. .##.# # ..


You could see a daeva and 3 thrashing horrors.

Vanquished Creatures
  Maggie (D:9)
  Jeremiah (D:6)
  A polar bear (D:9)
  Prince Ribbit (D:7)
  Sigmund (D:3)
  A yak (D:9)
  A small abomination (Abyss:1)
  4 water moccasins
  An ice beast (D:6)
  A sky beast (D:8)
  A centaur (D:8)
  2 phantoms (D:5)
  A kobold brigand (D:8)
  2 bullfrogs
  A gnoll sergeant (D:7)
  3 scorpions
  20 wights
  4 killer bees (D:8)
  An electric eel (D:9)
  A howler monkey (D:9)
  A bombardier beetle (D:3)
  A wyvern simulacrum (D:9)
  2 hounds
  3 jellies
  An orc priest (D:3)
  2 gnoll boudas
  Ijyb (D:3)
  2 sleepcaps
  An iguana (D:6)
  8 orc wizards
  15 gnolls
  6 adders
  A shadow imp (D:6)
  A howler monkey simulacrum (D:9)
  2 white imps (D:9)
  2 ufetubi (D:9)
  2 dart slugs
  2 ribbon worms
  35 orcs
  6 ball pythons
  5 bats
  8 endoplasms
  3 giant cockroaches
  10 goblins
  2 hobgoblins
  2 jackals (D:2)
  2 quokkas (D:3)
  18 kobolds
  5 rats
198 creatures vanquished.

Notes
Turn   | Place    | Note
-------+----------+-------------------------------------------
     0 | D:1      | rossyrg the Troll Shapeshifter began the quest for the Orb.
     0 | D:1      | Reached XP level 1. HP: 18/18 MP: 0/0
    20 | D:1      | Upgraded the game from 0.31-a0-1439-g542172135e to
                  | 0.31-a0-1529-g7bd419a0e5
   107 | D:1      | Reached XP level 2. HP: 23/26 MP: 1/1
   698 | D:2      | Reached XP level 3. HP: 32/32 MP: 2/2
   798 | D:2      | Found a faded altar of an unknown god.
   802 | D:2      | You fall into a shaft and drop 1 floor!
   833 | D:3      | Reached skill level 4 in Unarmed Combat
   849 | D:3      | Reached XP level 4. HP: 40/40 MP: 3/3
   959 | D:3      | Noticed Ijyb
   971 | D:3      | Killed Ijyb
  1007 | D:3      | Found a snail-covered altar of Cheibriados.
  1020 | D:3      | Found a shadowy altar of Dithmenos.
  1033 | D:3      | Noticed Sigmund
  1052 | D:3      | Killed Sigmund
  1053 | D:3      | Reached skill level 5 in Unarmed Combat
  1053 | D:3      | Reached XP level 5. HP: 17/46 MP: 4/4
  1102 | D:3      | Reached XP level 6. HP: 42/54 MP: 5/5
  1162 | D:3      | Reached skill level 5 in Shapeshifting
  1652 | D:4      | Found a large runed translucent door.
  1654 | D:4      | Found a large runed translucent door.
  1654 | D:4      | Found a shimmering altar of Xom.
  1741 | D:4      | Found a staircase to the Ecumenical Temple.
  1754 | Temple   | Entered the Ecumenical Temple
  1758 | Temple   | Became a worshipper of the Wu Jian Council
  1924 | D:4      | Reached skill level 6 in Unarmed Combat
  1937 | D:4      | Reached XP level 7. HP: 61/61 MP: 6/6
  2101 | D:5      | Entered Level 5 of the Dungeon
  2171 | D:5      | Reached * piety under Wu Jian
  2294 | D:5      | Found a hazy altar of Hepliaklqana.
  2438 | D:5      | Reached skill level 7 in Unarmed Combat
  2529 | D:5      | Reached XP level 8. HP: 66/68 MP: 7/7
  2873 | D:6      | Noticed Jeremiah
  2888 | D:6      | Killed Jeremiah
  2962 | D:6      | Reached skill level 8 in Unarmed Combat
  3134 | D:6      | Found a white marble altar of Elyvilon.
  3136 | D:6      | Found a broken altar of Ashenzari.
  3408 | D:6      | Reached skill level 1 in Shields
  3470 | D:6      | Reached ** piety under Wu Jian
  3705 | D:7      | Noticed Prince Ribbit
  3713 | D:7      | Killed Prince Ribbit
  3714 | D:7      | Reached XP level 9. HP: 72/75 MP: 8/8
  3730 | D:7      | Identified the +0 whip of the Doomed Warrior {flame, Str+2}
  3732 | D:7      | Found a blossoming altar of Fedhas.
  4209 | D:7      | Found an opulent altar of Gozag.
  4209 | D:7      | Found a basalt altar of Yredelemnul.
  4216 | D:7      | Found a sparkling altar of Nemelex Xobeh.
  4218 | D:7      | Found a faded altar of an unknown god.
  4219 | D:7      | Found a glowing golden altar of the Shining One.
  4334 | D:7      | Reached skill level 9 in Unarmed Combat
  4591 | D:7      | Noticed an angel
  4592 | D:7      | Found a glowing silver altar of Zin.
  4930 | D:8      | Reached *** piety under Wu Jian
  4935 | D:8      | Reached skill level 5 in Shields
  4936 | D:8      | Reached XP level 10. HP: 69/83 MP: 9/9
  5009 | D:8      | Identified the +0 helmet "Tiukk" {rPois}
  5415 | D:9      | Noticed Maggie
  5421 | D:9      | Reached skill level 10 in Unarmed Combat
  5427 | D:9      | Killed Maggie
  5547 | D:9      | Noticed Psyche
  5552 | Abyss:1  | Cast into level 1 of the Abyss (Psyche)
  5595 | Abyss:1  | Noticed a large abomination
  5607 | Abyss:1  | Found a corrupted altar of Lugonu.
  5624 | Abyss:1  | Found a corrupted altar of Lugonu.
  5671 | Abyss:1  | Noticed a daeva
  5692 | Abyss:1  | Noticed a thrashing horror
  5697 | Abyss:1  | Noticed a rakshasa
  5705 | Abyss:1  | Slain by a thrashing horror (illusionary)

Illustrated notes

Levels and vault maps discovered:
D:1:      matt_arrival_grand_opening, layout_basic
D:2:      minmay_wonky_spiral, layout_basic,
          dreamdust_ecumenical_altar_angels_and_demons, kennysheep_donut
D:3:      layout_loops_ring, nicolae_dithmenos_the_darkroom,
          kennysheep_slug_shrine, uniq_sigmund, uniq_ijyb
D:4:      due_chaos_kobolds, layout_basic, minmay_temple_entry_large_hall
D:5:      layout_basic, nzn_hepliaklqana_mist_gate
D:6:      layout_loops_corners, grunt_temple_overflow_open,
          serial_bayou_crossing, uniq_jeremiah
D:7:      layout_basic, fedhas_ov_isle_minmay,
          chequers_temple_overflow_minitemple, zin_angel,
          kennysheep_generic_room_14, uniq_prince_ribbit1
D:8:      layout_cave_pools
D:9:      layout_irregular_city, serial_ice, serial_ice_a, serial_ice_i,
          serial_ice_m, serial_ice_e, serial_ice_c, serial_ice_g, serial_ice_n,
          serial_ice_o, serial_ice_d, serial_ice_b, uniq_joseph, uniq_maurice,
          uniq_harold, uniq_psyche, uniq_maggie
Temple:   hellmonk_temple_two_chambers
Abyss:1:  base:
D:8

Skill      XL: |  1  2  3  4  5  6  7  8  9 10 |
---------------+-------------------------------+-----
Unarmed Combat | 4 5 6 7 8 9 10 | 10.2
Shapeshifting  | 4 5 6 8 9 |  9.4
Shields        | 2 5 |  5.5
Dodging        | 2 |  2.4
Fighting       | |  0.7

Action                     |  1- 3 |  4- 6 |  7- 9 | 10-12 || total
---------------------------+-------+-------+-------+-------++-------
  Melee: Unarmed           |    83 |    86 |   254 |    52 ||   475
         Punch             |       |     1 |     4 |       ||     5
  Throw: Javelin           |       |       |       |     2 ||     2
Ability: Lunge             |       |     2 |    37 |     9 ||    48
         Whirlwind         |       |       |    34 |     1 ||    35
    Use: Scroll            |     1 |     4 |    12 |     3 ||    20
 Armour: Animal skin       |    50 |    54 |   140 |    38 ||   282
  Dodge: Dodged            |    26 |    34 |    55 |    17 ||   132
  Block: Kite shield       |       |       |    47 |    13 ||    60

Table legend: (Time is in decaauts)
 A = Elapsed time spent in this place.
 B = Non-inter-level travel time spent in this place.
 C = Inter-level travel time spent in this place.
 D = Time resting spent in this place.
 E = Time spent auto-exploring this place.
 F = Levels seen in this place.
 G = Mean time per level.
                   A        B        C        D        E       F      G
               +--------+--------+--------+--------+--------+-----+--------+
         Total |   5669 |   5537 |    132 |    292 |   3499 |  11 |  515.4 |
       Dungeon |   5507 |   5381 |    126 |    292 |   3499 |   9 |  611.9 |
        Temple |      8 |      2 |      6 |      0 |      0 |   1 |    8.0 |
         Abyss |    152 |    152 |      0 |      0 |      0 |   1 |  152.0 |
               +--------+--------+--------+--------+--------+-----+--------+

Top non-repeatable levels by time:
     D:7: 893 daAuts
     D:6: 857 daAuts
     D:3: 744 daAuts
     D:5: 737 daAuts
     D:1: 595 daAuts
     D:8: 595 daAuts
     D:4: 534 daAuts
     D:9: 348 daAuts
     D:2: 202 daAuts
 Abyss:1: 152 daAuts
  Temple: 8 daAuts
